 Dungeon Crawl Stone Soup version 0.31-a0-986-g5e6e4ef867 (webtiles) character file.

Game seed: 17264986929284459093

404 Pooter the Chopper (level 6, -6/56 HPs)
             Began as a Minotaur Monk on Nov 10, 2023.
             Was a Follower of Okawaru.
             Mangled by Pikel
             ... wielding a +0 whip of electrocution
              (9 damage)
             ... on level 4 of the Dungeon.
             The game lasted 00:12:24 (2824 turns).

Pooter the Chopper (Minotaur Monk)                  Turns: 2824, Time: 00:12:24

Health: -6/56      AC:  7    Str: 18    XL:     6   Next: 56%
Magic:  5/5        EV: 10    Int:  7    God:    Okawaru [*.....]
Gold:   125        SH:  0    Dex: 12    Spells: 5/5 levels left

rFire   . . .        a - +0 dire flail
rCold   . . .        (shield currently unavailable)
rNeg    . . .        k - +0 scale mail
rPois   .            (helmet restricted)
rElec   .            n - +0 cloak
rCorr   .            (no gloves)
SInv    .            (no boots)
Will    .....        (no amulet)
Stlth   +            (no ring)
HPRegen 0.29/turn    (no ring)
MPRegen 0.09/turn

%: no passive effects
@: no status effects
A: horns 2, retaliatory headbutt
a: Renounce Religion, Heroism


You were on level 4 of the Dungeon.
You worshipped Okawaru.
Okawaru was aware of your devotion.
You visited 1 branch of the dungeon, and saw 4 of its levels.

You collected 125 gold pieces.

Inventory:

Hand Weapons
 a - a +0 dire flail (weapon)
   (You took it off Blork the orc on level 4 of the Dungeon)
 b - a +0 orcbow
   (You found it on level 4 of the Dungeon)
 p - a +0 hand axe
 q - a +0 sling
   (You found it on level 3 of the Dungeon)
Missiles
 Q - 24 stones (quivered)
Armour
 d - an orb of light
 k - a +0 scale mail (worn)
   (You found it on level 1 of the Dungeon)
 n - a +0 cloak (worn)
   (You found it on level 3 of the Dungeon)
Scrolls
 e - a scroll of fear
 f - a scroll of identify {unknown}
 j - a scroll of fog {unknown}
 l - a scroll of blinking {unknown}
 o - a scroll of noise {unknown}
Potions
 c - 2 potions of resistance {unknown}
 g - a potion of haste {unknown}
 h - 3 potions of mutation {unknown}
 i - 5 potions of curing {unknown}
 m - a potion of lignification {unknown}


   Skills:
 + Level 5.1 Fighting
 * Level 6.3 Axes
 * Level 2.0 Ranged Weapons
 - Level 3.2 Dodging
 - Level 3.1 Stealth


You had 5 spell levels left.
You didn't know any spells.
Your spell library contained the following spells:

 Spells                   Type           Power      Damage    Failure   Level
 Sublimation of Blood     Necr           0%         N/A       94%         2
 Wereblood                Tmut           0%         N/A       94%         2
 Dazzling Flash           Conj/Hex       0%         N/A       99%         3
 Sigil of Binding         Hex            0%         N/A       99%         3
 Volatile Blastmotes      Fire/Tloc      0%         2d10      99%         3
 Dimensional Bullseye     Hex/Tloc       0%         N/A       100%        4
 Leda's Liquefaction      Hex/Erth       0%         N/A       100%        4
 Starburst                Conj/Fire      0%         6d3       100%        6
 Maxwell's Capacitive Co  Air            0%         ∞         100%        8
 Call Canine Familiar     Summ           Unusable   N/A       N/A         3
 Summon Hydra             Summ           Unusable   N/A       N/A         7

Dungeon Overview and Level Annotations

Branches:
Dungeon (4/15) Zot: 21159
 Temple: D:4-7

Altars:
Okawaru

Annotations:
D:4 Pikel


Innate Abilities, Weirdness & Mutations

You have a pair of horns on your head.
You reflexively headbutt those who attack you in melee.


Message History

You continue taking off your orb of light. x4
You finish taking off your orb of light.
Adjust to which letter? (? for menu, Esc to quit)
b - a +0 orcbow;
q - a +0 sling Adjust to which letter? (? for menu, Esc to quit)
a - a +0 dire flail;
p - a +0 hand axe (weapon)
a - a +0 dire flail (weapon)
b - a +0 orcbow (weapon)
You open the door.
There is an open door here.
You open the door.
Found a scale mail.
Pikel and 4 lemures come into view.
Pikel is wielding a +0 whip of electrocution and wearing a +2 robe of willpower.
Pikel shouts!
The lemure shouts! x3
An orc comes into view. It is wielding a +0 flail.
There is an open door here.
Found a sapphire potion.
You shoot an arrow. The arrow closely misses the lemure.
You shoot an arrow. The arrow completely misses the lemure.
a - a +0 dire flail (weapon)
The lemure hits you!
You hit the lemure. The lemure hits you but does no damage.
You sock the lemure! The lemure hits you.
You closely miss the lemure. The lemure hits you but does no damage.
You closely miss the lemure. Your headbutt misses the lemure.
Pikel says, "I'm sure the Orcish Mines are around here somewhere..."
The lemure hits you.
You sock the lemure! The lemure hits you but does no damage.
You closely miss the lemure. The lemure hits you.
You barely miss the lemure. You headbutt the lemure.
You kill the lemure!
That felt strangely unrewarding.
You barely miss Pikel. Pikel hits you but does no damage.
Pikel hits you with a +0 whip of electrocution.
You sock Pikel! Your headbutt misses Pikel. Pikel hits you but does no damage.
You are electrocuted!
* * * LOW HITPOINT WARNING * * *
You closely miss Pikel. You headbutt Pikel, but do no damage.
Pikel hits you with a +0 whip of electrocution.
* * * LOW HITPOINT WARNING * * *
You barely miss Pikel. You headbutt Pikel, but do no damage.
Pikel hits you with a +0 whip of electrocution.
* * * LOW HITPOINT WARNING * * *
You are electrocuted!!
* * * LOW HITPOINT WARNING * * *
You hit Pikel but do no damage. Your headbutt misses Pikel.
Pikel hits you with a +0 whip of electrocution!
You die...
Pikel says, "See you in Hell!"

. ..! 5### #'# .5.# #####
#.# .#.# #...# #.#
#.####...# #.# #....#...#
#.# ####.'...# #.#########
######.K.######@#........
#........5...##K#........
#............##5#........
#............##5.........
##........................
..............###.........
..............####........
..............#...........
.......########...........


You could see Pikel and 2 lemures.

Vanquished Creatures
  Sigmund (D:2)
  A lemure (D:4)
  Blork the orc (D:4)
  2 hounds (D:4)
  4 adders
  2 dart slugs
  3 orcs
  4 endoplasms
  A giant cockroach (D:2)
  6 goblins
  5 hobgoblins
  6 jackals
  11 kobolds
  6 quokkas
  5 ball pythons
  5 bats
  6 frilled lizards
  9 rats
78 creatures vanquished.

Notes
Turn   | Place    | Note
-------+----------+-------------------------------------------
     0 | D:1      | Pooter the Minotaur Monk began the quest for the Orb.
     0 | D:1      | Reached XP level 1. HP: 19/19 MP: 0/0
    82 | D:1      | Reached XP level 2. HP: 24/27 MP: 1/1
   150 | D:1      | Reached skill level 4 in Axes
   273 | D:1      | Reached skill level 1 in Stealth
   637 | D:2      | Reached XP level 3. HP: 33/33 MP: 2/2
  1048 | D:2      | Noticed Sigmund
  1072 | D:2      | Killed Sigmund
  1073 | D:2      | Reached skill level 5 in Axes
  1073 | D:2      | Reached XP level 4. HP: 16/41 MP: 3/3
  1073 | D:2      | Reached XP level 5. HP: 18/47 MP: 4/4
  1265 | D:2      | Found a faded altar of an unknown god.
  2370 | D:4      | Reached XP level 6. HP: 55/55 MP: 5/5
  2426 | D:4      | Found an iron altar of Okawaru.
  2436 | D:4      | Became a worshipper of Warmaster Okawaru
  2436 | D:4      | Reached * piety under Okawaru
  2436 | D:4      | Reached ** piety under Okawaru
  2472 | D:4      | Reached skill level 1 in Ranged Weapons
  2542 | D:4      | Reached skill level 6 in Axes
  2588 | D:4      | Noticed Blork the orc
  2599 | D:4      | Killed Blork the orc
  2600 | D:4      | Reached skill level 5 in Fighting
  2790 | D:4      | Noticed Pikel
  2824 | D:4      | Mangled by Pikel

Illustrated notes

Levels and vault maps discovered:
D:1:      heliophobic_arrival_dark_side_of_the_moon, layout_basic
D:2:      layout_basic, nicolae_ecumenical_lake_church, chequers_big_river,
          feat_on_display, uniq_sigmund
D:3:      layout_basic, nicolae_concentric_dashed_squares_mild,
          lexackson_kobold_supper
D:4:      layout_basic, okawaru_metal_pillars_3, doesnt_xom_only_xom,
          uniq_pikel, uniq_blork_the_orc

Skill      XL: |  1  2  3  4  5  6 |
---------------+-------------------+-----
Axes           | 4 5 6 |  6.3
Stealth        | 1 2 3 |  3.1
Fighting       | 4 5 |  5.1
Ranged Weapons | 2 |  2.0
Dodging        | |  3.2

Action                     |  1- 3 |  4- 6 || total
---------------------------+-------+-------++-------
  Melee: Hand axe          |    64 |    97 ||   161
         Headbutt          |     9 |    11 ||    20
         Dire flail        |       |    12 ||    12
   Fire: Sling             |       |    11 ||    11
         Orcbow            |       |     2 ||     2
 Invoke: Heroism           |       |     1 ||     1
    Use: Potion            |     2 |       ||     2
         Scroll            |       |     1 ||     1
 Armour: Robe              |    14 |       ||    14
         Scale mail        |    29 |    71 ||   100
  Dodge: Dodged            |    31 |    47 ||    78

Table legend: (Time is in decaauts)
 A = Elapsed time spent in this place.
 B = Non-inter-level travel time spent in this place.
 C = Inter-level travel time spent in this place.
 D = Time resting spent in this place.
 E = Time spent auto-exploring this place.
 F = Levels seen in this place.
 G = Mean time per level.
                   A        B        C        D        E       F      G
               +--------+--------+--------+--------+--------+-----+--------+
         Total |   2839 |   2753 |     86 |    233 |   1991 |   4 |  709.8 |
       Dungeon |   2839 |   2753 |     86 |    233 |   1991 |   4 |  709.8 |
               +--------+--------+--------+--------+--------+-----+--------+

Top non-repeatable levels by time:
     D:2: 1038 daAuts
     D:3: 713 daAuts
     D:1: 628 daAuts
     D:4: 459 daAuts
